 Dungeon Crawl Stone Soup version 0.31.0-9-g3a7656b989 (webtiles) character file.

Game seed: 11855767364500136700

35776 qw the Spry (level 13, -3/65 HPs)
             Began as a Spriggan Hunter on Feb 2, 2024.
             Was the Champion of Okawaru.
             Slain by an eight-headed hydra (8 damage)
             ... on level 5 of the Lair of Beasts.
             The game lasted 00:01:31 (11105 turns).

qw the Spry (Spriggan Hunter)                      Turns: 11105, Time: 00:01:32

Health: -3/65      AC:  6    Str:  7    XL:     13   Next: 49%
Magic:  30/30      EV: 42    Int: 11    God:    Okawaru [******]
Gold:   2454       SH:  5    Dex: 29    Spells: 12/12 levels left

rFire   + . .        v - +0 arbalest of Sitexaps {speed, +Blink MP+9}
rCold   . . .        (shield currently unavailable)
rNeg    . . .        n - +1 troll leather armour {Pargi}
rPois   .            m - +2 hat {Will+}
rElec   .            j - scarf of the Snake Pit {+Inv, rF+}
rCorr   .            (gloves unavailable)
SInv    +            (boots unavailable)
Will    +++..        p - amulet of reflection
Stlth   ++           c - +6 ring of dexterity
HPRegen 1.10/turn    g - +5 ring of evasion
MPRegen 0.22/turn

%: reflection
@: very quick
A: very small, no large weapons, unfitting armour, see invisible, speed 3
a: Renounce Religion, Evoke Blink, Evoke Invisibility, Heroism, Finesse, Duel


You were on level 5 of the Lair of Beasts.
You worshipped Okawaru.
Okawaru was exalted by your worship.
You visited 3 branches of the dungeon, and saw 15 of its levels.
You also visited: Sewer.

You collected 2454 gold pieces.


Innate Abilities, Weirdness & Mutations

You are very small and have problems with some larger weapons.
You are too small for most types of armour.
You have supernaturally acute eyesight. (SInv)
You cover ground extremely quickly. (Speed+++)


   Skills:
 - Level 6.0 Fighting
 + Level 15.6 Ranged Weapons
 - Level 1.4 Armour
 - Level 17.0 Dodging
 - Level 1.5 Stealth
 - Level 10.0 Invocations


You had 12 spell levels left.
You didn't know any spells.
Your spell library was empty.

Inventory:

Hand Weapons
 v - the +0 arbalest of Sitexaps (weapon) {speed, +Blink MP+9}
   (Okawaru gifted it to you on level 5 of the Lair of Beasts)

   MP+9:      It affects your magic capacity (+9).
   +Blink:    It lets you blink.
Armour
 a - the +3 robe of the Shoals {Dex+3}
   (Okawaru gifted it to you on level 5 of the Lair of Beasts)

   Dex+3:     It affects your dexterity (+3).
 j - the scarf of the Snake Pit (worn) {+Inv, rF+}
   (You found it on level 2 of the Dungeon)

   rF+:       It protects you from fire.
 m - a +2 hat of willpower (worn)
 n - a +1 troll leather armour (worn) {Pargi}
Jewellery
 c - a +6 ring of dexterity (left hand)
 g - a +5 ring of evasion (right hand)
 p - an amulet of reflection (around neck)
Wands
 e - a wand of iceblast (9)
 o - a wand of polymorph (3)
 q - a wand of acid (22)
 s - a wand of paralysis (8)
 t - a wand of digging (10)
Scrolls
 r - 3 scrolls of identify
 u - a scroll of teleportation
Potions
 b - 2 potions of enlightenment
 d - 7 potions of curing
 f - a potion of might {unknown}
 h - a potion of mutation
 i - 3 potions of heal wounds
 k - 3 potions of resistance
 l - 3 potions of cancellation

Dungeon Overview and Level Annotations

Branches:
Dungeon (9/15)             Temple (1/1) D:5            Lair (5/5) D:9
  Swamp (0/4) Lair:3        Snake (0/4) Lair:2        Slime (0/5) Lair:4
  Sewer (visited)
    Orc: D:9-12

Altars:
Ashenzari
Cheibriados
Dithmenos
Elyvilon
Hepliaklqana
Kikubaaqudgha
Makhleb
Nemelex Xobeh
Okawaru
Sif Muna
Trog
Uskayaw
Vehumet
Wu Jian
Xom
Zin
The Shining One
Jiyva

Shops:
D:1 =[   D:7 (

Annotations:
D:9 exclusion: electric eel
Lair:1 2 transporters, qw's ghost, journeyman DEHu
Lair:3 1 runed translucent door


Message History

You kill the cane toad!
Okawaru accepts your kill. The eight-headed hydra misses you.
The eight-headed hydra barely misses you.
The eight-headed hydra completely misses you.
The eight-headed hydra barely misses you.
The eight-headed hydra completely misses you.
The eight-headed hydra closely misses you.
The eight-headed hydra misses you.
The eight-headed hydra closely misses you.
You shoot a bolt.
The bolt barely misses the eight-headed hydra.
The eight-headed hydra completely misses you. x3
You block the eight-headed hydra's attack.
The eight-headed hydra closely misses you.
The eight-headed hydra completely misses you.
The eight-headed hydra closely misses you.
The eight-headed hydra completely misses you.
You shoot a bolt. The bolt hits the eight-headed hydra!
The eight-headed hydra is lightly wounded.
The eight-headed hydra completely misses you.
The eight-headed hydra bites you.
The eight-headed hydra completely misses you.
The eight-headed hydra misses you.
The eight-headed hydra completely misses you. x4
You shoot a bolt. The bolt hits the eight-headed hydra!!
The eight-headed hydra is heavily wounded.
The eight-headed hydra completely misses you.
You block the eight-headed hydra's attack.
The eight-headed hydra completely misses you. x2
The eight-headed hydra bites you but does no damage.
The eight-headed hydra misses you.
The eight-headed hydra completely misses you. x2
You shoot a bolt. The bolt hits the eight-headed hydra.
The eight-headed hydra is heavily wounded.
The eight-headed hydra bites you! The eight-headed hydra misses you.
The eight-headed hydra bites you.
The eight-headed hydra completely misses you. x2
The eight-headed hydra bites you!
You die...

#### #### ## #PP. #..###.#
#### #P..## ##.#..P.# #)#.
#....#####.......## ##%.
##..##.##........###...
##......#P......##.#..#.
.F#.#..##@.......##P...##.
.........D#P#.#..#####..#..
.........######...# ##....
...#.....# ##..#####....
....#...0# #....##P#....
....P...$. ##...........
......!B.# #............
###....... #..........#.
#...0... .............##


You could see an eight-headed hydra.

Vanquished Creatures
  Gastronok (Lair:1)
  Fannar (Lair:2)
  2 hydras
  A two-headed ogre (D:9)
  2 boulder beetles
  2 skysharks
  17 elephants
  7 black mambas
  6 cane toads
  A rime drake (Lair:3)
  5 komodo dragons
  A troll (D:9)
  A polar bear (Lair:3)
  A hornet (D:8)
  Prince Ribbit (D:7)
  21 blink frogs
  A shadow (D:7)
  41 yaks
  5 wyverns
  2 basilisks
  A steam dragon (D:5)
  Edmund (D:6)
  Menkaure (D:7)
  8 water moccasins
  3 orc warriors
  A sky beast (D:7)
  Pargi (Sewer)
  5 ice beasts
  4 black bears
  An ogre (D:4)
  8 wolves
  A centaur (D:7)
  A phantom (D:4)
  A kobold brigand (D:6)
  2 brain worms (Sewer)
  12 bullfrogs
  5 jellies
  A scorpion (D:5)
  4 wights
  21 killer bees
  A howler monkey (D:5)
  5 electric eels
  2 bombardier beetles (D:4)
  8 hounds
  3 orc priests
  A gnoll bouda (D:7)
  6 iguanas
  A sleepcap (D:6)
  4 orc wizards
  A gnoll (D:5)
  14 adders
  A river rat (D:3)
  3 white imps
  4 dart slugs
  2 ribbon worms (D:3)
  24 orcs
  6 bats
  6 endoplasms
  4 giant cockroaches
  5 goblins
  9 hobgoblins
  4 jackals
  10 kobolds
  6 quokkas
  9 ball pythons
  8 frilled lizards
  4 rats
352 creatures vanquished.

Vanquished Creatures (others)
  A polar bear (Lair:2)
  An orc wizard (D:9)
2 creatures vanquished.

Grand Total: 354 creatures vanquished

Notes
Turn   | Place    | Note
-------+----------+-------------------------------------------
     0 | D:1      | qw the Spriggan Hunter began the quest for the Orb.
     0 | D:1      | Reached XP level 1. HP: 10/10 MP: 2/2
     0 | D:1      | 0 ||| qw: Version: 0.3-a-155-g5e7d8dd
     0 | D:1      | 0 ||| qw: Game counter: 1170
     0 | D:1      | 0 ||| qw: Melee chars always use a shield: true
     0 | D:1      | 0 ||| qw: God list: Okawaru
     0 | D:1      | 0 ||| qw: Allow faded altars: false
     0 | D:1      | 0 ||| qw: Do Orc after clearing Dungeon:15 true
     0 | D:1      | 0 ||| qw: Do second Lair branch before Depths: true
     0 | D:1      | 0 ||| qw: Lair rune preference: random
     0 | D:1      | 0 ||| qw: Goals: Normal
     0 | D:1      | 0 ||| PLANNING D:1-11
    74 | D:1      | Reached skill level 3 in Dodging
    89 | D:1      | Found Qyab's Jewellery Boutique.
    95 | D:1      | 95 ||| SHOPLISTING amulet of faith (400 gold, have 32).
    95 | D:1      | 95 ||| SHOPLISTING amulet of the acrobat (300 gold, have
                  | 32).
    95 | D:1      | 95 ||| SHOPLISTING ring of fire (250 gold, have 32).
   135 | D:1      | 135 ||| SWAPPING to +0 arbalest.
   137 | D:1      | 137 ||| DROPPING +0 shortbow.
   155 | D:1      | Found Gicw's Antique Armour Boutique.
   194 | D:1      | Reached XP level 2. HP: 14/14 MP: 3/3
   331 | D:1      | Reached skill level 4 in Dodging
   574 | D:1      | 574 ||| UPGRADING to +5 ring of evasion.
   575 | D:1      | 575 ||| UPGRADING to +4 ring of protection.
   576 | D:1      | 576 ||| READING scroll labelled HOROSTAKON.
   677 | D:1      | 677 ||| READING scroll labelled WIOFUD IHAROM.
   678 | D:1      | 678 ||| READING scroll labelled PAVIEM SNT DUI.
   679 | D:1      | 679 ||| DRINKING 2 glowing grey potions.
   680 | D:1      | 680 ||| DROPPING scroll of butterflies.
   681 | D:1      | 681 ||| DROPPING potion of magic.
   739 | D:2      | Found a hide-covered altar of Uskayaw.
   899 | D:2      | Reached XP level 3. HP: 18/18 MP: 4/4
  1060 | D:2      | Identified the scarf of the Snake Pit {+Inv, rF+}
  1327 | D:2      | 1327 ||| UPGRADING to scarf of the Snake Pit {+Inv, rF+}.
  1332 | D:2      | 1332 ||| READING scroll labelled ZOMIFOGGORGHA.
  1433 | D:2      | 1433 ||| DRINKING 2 grey potions.
  1514 | D:3      | 1514 ||| PLANNING SEWER
  1589 | D:3      | Reached XP level 4. HP: 22/22 MP: 5/5
  1696 | D:3      | Found a broken altar of Ashenzari.
  2049 | D:3      | Reached skill level 5 in Dodging
  2096 | D:3      | Found a glowing drain.
  2097 | D:3      | 2097 ||| UPGRADING to amulet of regeneration.
  2102 | D:3      | 2102 ||| UPGRADING to amulet of reflection.
  2112 | D:3      | 2112 ||| DROPPING amulet of regeneration.
  2113 | D:3      | 2113 ||| READING scroll labelled RUOSIY SEURONE.
  2113 | D:3      | 2113 ||| ENCHANTING +0 arbalest.
  2114 | D:3      | 2114 ||| READING scroll labelled ZIQ FUD JA CALE.
  2114 | D:3      | Identified a scroll of acquirement
  2114 | D:3      | 2114 ||| ACQUIRING +6 ring of dexterity
  2114 | D:3      | Acquired a +6 ring of dexterity
  2115 | D:3      | 2115 ||| READING scroll labelled NAOCOI KUFU.
  2115 | D:3      | 2115 ||| IDENTIFYING golden potion
  2119 | Sewer    | Entered a sewer
  2127 | Sewer    | Noticed a brain worm
  2128 | Sewer    | 2128 ||| ZAPPING wand of iceblast (8) at 1,-3 (brain worm;
                  | shallow_water).
  2129 | Sewer    | 2129 ||| ZAPPING wand of iceblast (7) at 1,-2 (brain worm;
                  | shallow_water).
  2130 | Sewer    | 2130 ||| ZAPPING wand of iceblast (6) at 1,-2 (brain worm;
                  | shallow_water).
  2130 | Sewer    | Killed a brain worm
  2131 | Sewer    | Reached XP level 5. HP: 28/28 MP: 6/6
  2194 | Sewer    | Noticed Pargi
  2196 | Sewer    | 2196 ||| ZAPPING wand of iceblast (5) at -1,-5 (Pargi;
                  | shallow_water).
  2197 | Sewer    | 2197 ||| ZAPPING wand of iceblast (4) at -1,-4 (Pargi;
                  | shallow_water).
  2198 | Sewer    | 2198 ||| ZAPPING wand of iceblast (3) at -1,-3 (Pargi;
                  | shallow_water).
  2198 | Sewer    | Killed Pargi
  2199 | Sewer    | Reached skill level 6 in Ranged Weapons
  2199 | Sewer    | Reached XP level 6. HP: 32/32 MP: 7/7
  2199 | Sewer    | 2199 ||| READING scroll of acquirement.
  2199 | Sewer    | 2199 ||| ACQUIRING 1168 gold pieces
  2199 | Sewer    | Acquired 1168 gold pieces
  2257 | Sewer    | 2257 ||| UPGRADING to +0 troll leather armour {Pargi}.
  2267 | Sewer    | 2267 ||| DROPPING +0 robe.
  2268 | Sewer    | 2268 ||| READING scroll labelled ICUCVO HOZUOWE.
  2271 | Sewer    | 2271 ||| READING scroll labelled YGARAAC UMNERIUM.
  2272 | Sewer    | 2272 ||| DRINKING 2 metallic emerald potions.
  2294 | D:3      | 2294 ||| PLANNING D:1-11
  2424 | D:3      | 2424 ||| UPGRADING to +6 ring of dexterity.
  2426 | D:3      | 2426 ||| UPGRADING to +5 ring of evasion.
  2428 | D:3      | 2428 ||| DROPPING +4 ring of protection.
  2528 | D:4      | Reached skill level 6 in Dodging
  2584 | D:4      | Reached XP level 7. HP: 35/35 MP: 8/8
  2601 | D:4      | Reached skill level 7 in Dodging
  2967 | D:4      | 2967 ||| RETREEEEATING.
  2968 | D:4      | 2968 ||| RETREEEEATING.
  2969 | D:4      | 2969 ||| RETREEEEATING.
  2970 | D:4      | 2970 ||| RETREEEEATING.
  2972 | D:4      | 2972 ||| RETREEEEATING.
  2978 | D:4      | Reached skill level 8 in Dodging
  3195 | D:4      | 3195 ||| READING scroll of identify.
  3195 | D:4      | 3195 ||| IDENTIFYING sedimented dark potion
  3196 | D:4      | 3196 ||| READING scroll labelled COTACR DIZU.
  3197 | D:4      | 3197 ||| READING scroll labelled YNLAGEPPAO.
  3198 | D:4      | 3198 ||| DROPPING potion of lignification.
  3242 | D:5      | Entered Level 5 of the Dungeon
  3269 | D:5      | Found a sparkling altar of Nemelex Xobeh.
  3289 | D:5      | Found a staircase to the Ecumenical Temple.
  3290 | D:5      | 3290 ||| PLANNING TEMPLE
  3295 | Temple   | Entered the Ecumenical Temple
  3296 | Temple   | 3296 ||| PLANNING OKAWARU WORSHIP
  3329 | Temple   | Became a worshipper of Warmaster Okawaru
  3330 | Temple   | 3330 ||| PLANNING D:1-11
  3502 | D:5      | 3502 ||| RETREEEEATING.
  3506 | D:5      | 3506 ||| RETREEEEATING.
  3507 | D:5      | 3507 ||| RETREEEEATING.
  3508 | D:5      | 3508 ||| RETREEEEATING.
  3509 | D:5      | 3509 ||| RETREEEEATING.
  3510 | D:5      | 3510 ||| RETREEEEATING.
  3511 | D:5      | 3511 ||| RETREEEEATING.
  3512 | D:5      | 3512 ||| DRINKING potion of haste.
  3517 | D:5      | Reached XP level 8. HP: 39/39 MP: 9/9
  3527 | D:5      | Reached * piety under Okawaru
  3589 | D:5      | 3589 ||| RETREEEEATING.
  3591 | D:5      | 3591 ||| RETREEEEATING.
  3593 | D:5      | 3593 ||| RETREEEEATING.
  3597 | D:5      | Reached skill level 9 in Dodging
  3597 | D:5      | Reached skill level 1 in Invocations
  3601 | D:5      | Reached skill level 3 in Fighting
  3617 | D:5      | 3617 ||| RETREEEEATING.
  3620 | D:5      | Reached skill level 3 in Invocations
  3652 | D:5      | 3652 ||| READING scroll of enchant weapon.
  3652 | D:5      | 3652 ||| ENCHANTING +1 arbalest.
  3742 | D:5      | Found a bloodstained altar of Trog.
  3905 | D:5      | Found a shimmering altar of Xom.
  3907 | D:5      | Found a shimmering altar of Xom.
  3910 | D:5      | Found a shimmering altar of Xom.
  4209 | D:5      | 4209 ||| DROPPING amulet of the acrobat.
  4210 | D:5      | 4210 ||| READING 2 scrolls of identify.
  4210 | D:5      | 4210 ||| IDENTIFYING murky red potion
  4211 | D:5      | 4211 ||| READING scroll of identify.
  4211 | D:5      | 4211 ||| IDENTIFYING brown potion
  4212 | D:5      | 4212 ||| DRINKING 2 pink potions.
  4213 | D:5      | 4213 ||| DRINKING 3 sapphire potions.
  4214 | D:5      | 4214 ||| DROPPING potion of degeneration.
  4374 | D:6      | Reached ** piety under Okawaru
  4375 | D:6      | Reached skill level 9 in Ranged Weapons
  4375 | D:6      | Reached XP level 9. HP: 40/44 MP: 13/13
  4427 | D:6      | Found an ancient bone altar of Kikubaaqudgha.
  4477 | D:6      | Noticed Edmund
  4481 | D:6      | Killed Edmund
  4704 | D:6      | 4704 ||| DROPPING wand of flame (21).
  4749 | D:7      | Noticed Menkaure
  4750 | D:7      | Reached skill level 10 in Dodging
  4752 | D:7      | Killed Menkaure
  4843 | D:7      | Identified the +0 plate armour of the Equator {Dex+3}
  5190 | D:7      | Reached skill level 11 in Dodging
  5238 | D:7      | Found Fyomnove's Weapon Boutique.
  5461 | D:7      | Noticed Prince Ribbit
  5463 | D:7      | Killed Prince Ribbit
  5492 | D:7      | Reached *** piety under Okawaru
  5497 | D:7      | 5497 ||| DRINKING 2 black potions.
  5498 | D:7      | 5498 ||| DROPPING potion of attraction.
  5682 | D:8      | Reached skill level 12 in Dodging
  5742 | D:8      | Found a hazy altar of Hepliaklqana.
  5847 | D:8      | Reached XP level 10. HP: 49/49 MP: 14/14
  6016 | D:8      | 6016 ||| RETREEEEATING.
  6020 | D:8      | 6020 ||| RETREEEEATING.
  6021 | D:8      | 6021 ||| RETREEEEATING.
  6022 | D:8      | 6022 ||| RETREEEEATING.
  6024 | D:8      | 6024 ||| RETREEEEATING.
  6025 | D:8      | 6025 ||| RETREEEEATING.
  6039 | D:8      | 6039 ||| INVOKING Heroism.
  6080 | D:8      | 6080 ||| READING scroll of identify.
  6080 | D:8      | 6080 ||| IDENTIFYING fizzy white potion
  6110 | D:9      | Noticed a +0 falchion
  6110 | D:9      | Noticed a +0 short sword
  6110 | D:9      | Noticed a +0 dagger
  6114 | D:9      | Noticed a +0 short sword
  6115 | D:9      | Noticed a +0 spear
  6115 | D:9      | Noticed a +0 spear
  6115 | D:9      | Noticed a +0 dagger
  6116 | D:9      | Noticed a +0 falchion
  6124 | D:9      | Found a hide-covered altar of Uskayaw.
  6167 | D:9      | Noticed a two-headed ogre
  6168 | D:9      | 6168 ||| INVOKING Heroism.
  6177 | D:9      | Killed a two-headed ogre
  6178 | D:9      | Reached skill level 13 in Dodging
  6313 | D:9      | Reached **** piety under Okawaru
  6330 | D:9      | HP: 6/49 [electric eel/bolt of electricity (11)]
  6331 | D:9      | 6331 ||| READING 2 scrolls of teleportation.
  6332 | D:9      | 6332 ||| DRINKING 2 potions of heal wounds.
  6334 | D:9      | 6334 ||| FLEEEEING.
  6335 | D:9      | 6335 ||| FLEEEEING.
  6336 | D:9      | 6336 ||| FLEEEEING.
  6477 | D:9      | Found a staircase to the Lair.
  6648 | D:9      | 6648 ||| PLANNING LAIR
  6648 | D:9      | 6648 ||| READING 2 scrolls of identify.
  6648 | D:9      | 6648 ||| IDENTIFYING coppery potion
  6649 | D:9      | 6649 ||| DROPPING potion of brilliance.
  6654 | Lair:1   | Entered Level 1 of the Lair of Beasts
  6704 | Lair:1   | Found a transporter.
  6707 | Lair:1   | Noticed qw's ghost (journeyman DEHu)
  6707 | Lair:1   | Noticed a black mamba
  6709 | Lair:1   | Noticed a moth of wrath
  6709 | Lair:1   | Noticed a torpor snail
  6709 | Lair:1   | Noticed a boulder beetle
  6710 | Lair:1   | Noticed a cane toad
  6725 | Lair:1   | Found a transporter.
  6916 | Lair:1   | Noticed a black mamba
  6917 | Lair:1   | 6917 ||| INVOKING Finesse.
  6924 | Lair:1   | Killed a black mamba
  6925 | Lair:1   | Reached skill level 12 in Ranged Weapons
  7095 | Lair:1   | 7095 ||| RETREEEEATING.
  7098 | Lair:1   | 7098 ||| RETREEEEATING.
  7103 | Lair:1   | Reached skill level 6 in Invocations
  7103 | Lair:1   | Reached XP level 11. HP: 54/54 MP: 16/16
  7105 | Lair:1   | 7105 ||| RETREEEEATING.
  7233 | Lair:1   | Noticed Gastronok
  7234 | Lair:1   | 7234 ||| INVOKING Finesse.
  7248 | Lair:1   | Killed Gastronok
  7248 | Lair:1   | Reached ***** piety under Okawaru
  7729 | Lair:1   | 7729 ||| RETREEEEATING.
  7733 | Lair:1   | 7733 ||| RETREEEEATING.
  7737 | Lair:1   | 7737 ||| INVOKING Finesse.
  8008 | Lair:1   | 8008 ||| UPGRADING to +2 hat of willpower.
  8034 | Lair:2   | 8034 ||| STAIRDANCE
  8091 | Lair:2   | 8091 ||| STAIRDANCE
  8099 | Lair:2   | 8099 ||| STAIRDANCE
  8121 | Lair:2   | 8121 ||| STAIRDANCE
  8132 | Lair:2   | Reached skill level 14 in Dodging
  8222 | Lair:2   | 8222 ||| ZAPPING wand of acid (20) at 2,0 (black bear;
                  | floor).
  8223 | Lair:2   | 8223 ||| ZAPPING wand of acid (19) at 2,0 (black bear;
                  | floor).
  8274 | Lair:2   | Received a gift from Okawaru
  8288 | Lair:2   | Noticed a five-headed hydra
  8289 | Lair:2   | 8289 ||| INVOKING Finesse.
  8296 | Lair:2   | Killed a five-headed hydra
  8396 | Lair:2   | 8396 ||| RETREEEEATING.
  8397 | Lair:2   | 8397 ||| RETREEEEATING.
  8398 | Lair:2   | 8398 ||| RETREEEEATING.
  8399 | Lair:2   | 8399 ||| RETREEEEATING.
  8400 | Lair:2   | 8400 ||| RETREEEEATING.
  8401 | Lair:2   | 8401 ||| RETREEEEATING.
  8407 | Lair:2   | 8407 ||| RETREEEEATING.
  8408 | Lair:2   | 8408 ||| RETREEEEATING.
  8409 | Lair:2   | 8409 ||| RETREEEEATING.
  8410 | Lair:2   | 8410 ||| RETREEEEATING.
  8411 | Lair:2   | 8411 ||| RETREEEEATING.
  8412 | Lair:2   | 8412 ||| RETREEEEATING.
  8413 | Lair:2   | 8413 ||| RETREEEEATING.
  8414 | Lair:2   | 8414 ||| RETREEEEATING.
  8416 | Lair:2   | 8416 ||| RETREEEEATING.
  8417 | Lair:2   | 8417 ||| RETREEEEATING.
  8418 | Lair:2   | 8418 ||| RETREEEEATING.
  8420 | Lair:2   | 8420 ||| RETREEEEATING.
  8421 | Lair:2   | 8421 ||| RETREEEEATING.
  8422 | Lair:2   | 8422 ||| RETREEEEATING.
  8423 | Lair:2   | 8423 ||| RETREEEEATING.
  8424 | Lair:2   | 8424 ||| RETREEEEATING.
  8425 | Lair:2   | 8425 ||| RETREEEEATING.
  8432 | Lair:2   | Reached skill level 9 in Invocations
  8452 | Lair:2   | Found a staircase to the Snake Pit.
  8513 | Lair:2   | 8513 ||| RETREEEEATING.
  8514 | Lair:2   | 8514 ||| RETREEEEATING.
  8515 | Lair:2   | 8515 ||| RETREEEEATING.
  8517 | Lair:2   | 8517 ||| RETREEEEATING.
  8519 | Lair:2   | 8519 ||| RETREEEEATING.
  8521 | Lair:2   | 8521 ||| RETREEEEATING.
  8710 | Lair:2   | Noticed Fannar
  8712 | Lair:2   | 8712 ||| INVOKING Finesse.
  8714 | Lair:2   | HP: 14/56 [Fannar/staff of cold (17)]
  8715 | Lair:2   | 8715 ||| READING scroll of teleportation.
  8716 | Lair:2   | 8716 ||| FLEEEEING.
  8717 | Lair:2   | 8717 ||| FLEEEEING.
  8718 | Lair:2   | 8718 ||| FLEEEEING.
  8719 | Lair:2   | 8719 ||| FLEEEEING.
  8720 | Lair:2   | 8720 ||| FLEEEEING.
  8790 | Lair:2   | 8790 ||| INVOKING Finesse.
  8796 | Lair:2   | Killed Fannar
  8797 | Lair:2   | Reached XP level 12. HP: 60/60 MP: 14/20
  8949 | Lair:3   | 8949 ||| RETREEEEATING.
  8950 | Lair:3   | 8950 ||| RETREEEEATING.
  8954 | Lair:3   | 8954 ||| RETREEEEATING.
  8982 | Lair:3   | 8982 ||| RETREEEEATING.
  8986 | Lair:3   | 8986 ||| RETREEEEATING.
  8987 | Lair:3   | 8987 ||| RETREEEEATING.
  8988 | Lair:3   | 8988 ||| RETREEEEATING.
  8990 | Lair:3   | 8990 ||| RETREEEEATING.
  8991 | Lair:3   | 8991 ||| RETREEEEATING.
  8992 | Lair:3   | 8992 ||| RETREEEEATING.
  8993 | Lair:3   | 8993 ||| RETREEEEATING.
  8994 | Lair:3   | 8994 ||| RETREEEEATING.
  8996 | Lair:3   | 8996 ||| RETREEEEATING.
  8998 | Lair:3   | 8998 ||| RETREEEEATING.
  9058 | Lair:3   | Found a runed translucent door.
  9108 | Lair:3   | Reached skill level 15 in Dodging
  9246 | Lair:3   | Found a staircase to the Swamp.
  9351 | Lair:3   | Noticed a four-headed hydra
  9352 | Lair:3   | 9352 ||| INVOKING Finesse.
  9369 | Lair:3   | Killed a four-headed hydra
  9420 | Lair:3   | Received a gift from Okawaru
  9744 | Lair:3   | Noticed a six-headed hydra
  9828 | Lair:3   | 9828 ||| READING 4 scrolls of identify.
  9828 | Lair:3   | 9828 ||| IDENTIFYING scroll labelled XINUYL BURO
  9829 | Lair:3   | 9829 ||| DROPPING scroll of poison.
  9876 | Lair:4   | 9876 ||| RETREEEEATING.
  9878 | Lair:4   | 9878 ||| RETREEEEATING.
  9880 | Lair:4   | 9880 ||| RETREEEEATING.
  9882 | Lair:4   | 9882 ||| RETREEEEATING.
  9889 | Lair:4   | 9889 ||| RETREEEEATING.
  9919 | Lair:4   | Reached skill level 1 in Armour
 10035 | Lair:4   | 10035 ||| RETREEEEATING.
 10039 | Lair:4   | 10039 ||| RETREEEEATING.
 10041 | Lair:4   | 10041 ||| RETREEEEATING.
 10042 | Lair:4   | 10042 ||| STAIRDANCE
 10048 | Lair:3   | Reached skill level 6 in Fighting
 10139 | Lair:4   | Noticed a boulder beetle
 10140 | Lair:4   | 10140 ||| INVOKING Finesse.
 10151 | Lair:4   | Killed a boulder beetle
 10205 | Lair:4   | 10205 ||| RETREEEEATING.
 10206 | Lair:4   | 10206 ||| RETREEEEATING.
 10218 | Lair:4   | 10218 ||| RETREEEEATING.
 10219 | Lair:4   | 10219 ||| RETREEEEATING.
 10222 | Lair:4   | 10222 ||| INVOKING Finesse.
 10224 | Lair:4   | Received a gift from Okawaru
 10232 | Lair:4   | 10232 ||| RETREEEEATING.
 10233 | Lair:4   | 10233 ||| RETREEEEATING.
 10234 | Lair:4   | 10234 ||| RETREEEEATING.
 10239 | Lair:4   | 10239 ||| RETREEEEATING.
 10244 | Lair:4   | Reached skill level 16 in Dodging
 10271 | Lair:4   | Reached XP level 13. HP: 41/65 MP: 21/21
 10319 | Lair:4   | Found a viscous altar of Jiyva.
 10332 | Lair:4   | Found a staircase to the Slime Pits.
 10606 | Lair:4   | 10606 ||| READING 3 scrolls of identify.
 10606 | Lair:4   | 10606 ||| IDENTIFYING scroll labelled AXEXULILAJO
 10607 | Lair:4   | 10607 ||| READING scroll of enchant armour.
 10607 | Lair:4   | 10607 ||| ENCHANTING +0 troll leather armour {Pargi}.
 10622 | Lair:5   | Entered Level 5 of the Lair of Beasts
 10627 | Lair:5   | 10627 ||| STAIRDANCE
 10643 | Lair:5   | 10643 ||| STAIRDANCE
 10689 | Lair:5   | 10689 ||| STAIRDANCE
 10735 | Lair:5   | 10735 ||| STAIRDANCE
 10751 | Lair:5   | 10751 ||| STAIRDANCE
 10768 | Lair:5   | 10768 ||| STAIRDANCE
 10775 | Lair:4   | Reached skill level 15 in Ranged Weapons
 10804 | Lair:5   | 10804 ||| RETREEEEATING.
 10805 | Lair:5   | 10805 ||| RETREEEEATING.
 10806 | Lair:5   | 10806 ||| RETREEEEATING.
 10807 | Lair:5   | 10807 ||| RETREEEEATING.
 10808 | Lair:5   | 10808 ||| RETREEEEATING.
 10850 | Lair:5   | 10850 ||| RETREEEEATING.
 10851 | Lair:5   | 10851 ||| RETREEEEATING.
 10853 | Lair:5   | 10853 ||| RETREEEEATING.
 10854 | Lair:5   | 10854 ||| RETREEEEATING.
 10855 | Lair:5   | 10855 ||| RETREEEEATING.
 10857 | Lair:5   | 10857 ||| RETREEEEATING.
 10858 | Lair:5   | 10858 ||| RETREEEEATING.
 10859 | Lair:5   | 10859 ||| RETREEEEATING.
 10860 | Lair:5   | 10860 ||| RETREEEEATING.
 10926 | Lair:5   | 10926 ||| RETREEEEATING.
 10928 | Lair:5   | 10928 ||| RETREEEEATING.
 10929 | Lair:5   | 10929 ||| RETREEEEATING.
 10930 | Lair:5   | 10930 ||| RETREEEEATING.
 10931 | Lair:5   | 10931 ||| RETREEEEATING.
 10934 | Lair:5   | 10934 ||| RETREEEEATING.
 10935 | Lair:5   | 10935 ||| RETREEEEATING.
 10936 | Lair:5   | 10936 ||| RETREEEEATING.
 10945 | Lair:5   | Reached skill level 17 in Dodging
 10946 | Lair:5   | 10946 ||| RETREEEEATING.
 10953 | Lair:5   | 10953 ||| RETREEEEATING.
 10954 | Lair:5   | 10954 ||| RETREEEEATING.
 10955 | Lair:5   | 10955 ||| RETREEEEATING.
 10956 | Lair:5   | 10956 ||| RETREEEEATING.
 10957 | Lair:5   | 10957 ||| RETREEEEATING.
 10958 | Lair:5   | 10958 ||| RETREEEEATING.
 10959 | Lair:5   | 10959 ||| RETREEEEATING.
 10967 | Lair:5   | Reached ****** piety under Okawaru
 10968 | Lair:5   | Received a gift from Okawaru
 10981 | Lair:5   | 10981 ||| INVOKING Receive Weapon.
 10981 | Lair:5   | 10981 ||| ACQUIRING +0 arbalest of Sitexaps {speed, +Blink
                  | MP+9}
 10981 | Lair:5   | Acquired the +0 arbalest of Sitexaps {speed, +Blink MP+9}
 10981 | Lair:5   | Received a gift from Okawaru
 10982 | Lair:5   | 10982 ||| INVOKING Receive Armour.
 10982 | Lair:5   | 10982 ||| ACQUIRING +3 robe of the Shoals {Dex+3}
 10982 | Lair:5   | Acquired the +3 robe of the Shoals {Dex+3}
 10982 | Lair:5   | Received a gift from Okawaru
 10984 | Lair:5   | 10984 ||| SWAPPING to +0 arbalest of Sitexaps {speed,
                  | +Blink MP+9}.
 11026 | Lair:5   | 11026 ||| DROPPING +2 arbalest.
 11065 | Lair:5   | 11065 ||| RETREEEEATING.
 11066 | Lair:5   | 11066 ||| RETREEEEATING.
 11105 | Lair:5   | HP: 11/65 [eight-headed hydra (13)]
 11105 | Lair:5   | HP: 5/65 [eight-headed hydra (6)]
 11105 | Lair:5   | Slain by an eight-headed hydra

Levels and vault maps discovered:
D:1:      dpeg_arrival_stonehenge_8_columns, layout_loops_ring, serial_shops,
          nicolae_diamond_shop, nicolae_shop_statue_plus,
          hangedman_decor_growths
D:2:      layout_basic, basic_altar
D:3:      layout_rooms, amcnicky_altar_gilded, gup_sewer_entry_spiral
D:4:      minmay_polygon_palace, layout_loops_ring
D:5:      cheibrodos_fzero, layout_basic, mainiacjoe_overflow_cross_hatched,
          xom_redecorated, overflow_temple_1_default,
          minmay_temple_entry_gardened_gates
D:6:      layout_loops_ring, mainiacjoe_overflow_boulevard, uniq_edmund
D:7:      minmay_spotlight, layout_loops_corners, serial_shops,
          nicolae_shop_window_shopping, chequers_serial_rivers_micro_c,
          amethyst_killhole, uniq_prince_ribbit1, uniq_menkaure
D:8:      layout_rooms, nzn_hepliaklqana_mist_gate, lemuel_flamethrower_1
D:9:      layout_cave_pools, nicolae_uskayaw_en_pointe, erik_lair_island,
          nicolae_zig_zag_zippers
Temple:   cyrus_temple_forest
Lair:1:   layout_layer_cave, gammafunk_ghost_berserking_beasts,
          grunt_megastairs_3, uniq_gastronok
Lair:2:   layout_misc_corridors, dummy_snake_entry, serial_bayou_shore_a,
          uniq_fannar
Lair:3:   layout_chaotic_city, minmay_swamp_entry_worms, pf_torpor_hydra,
          grunt_megastairs_4
Lair:4:   layout_misc_corridors, nicolae_slime_entry_field_trip,
          infiniplex_staircase_pool_2, lemuel_fruit_tree, grunt_megastairs_1
Lair:5:   hellmonk_lair_end_abyssal_woods, layout_layer_cave,
          nicolae_lair_grazing_beasts [nicolae_sub_lair_graze_edge,
          nicolae_sub_lair_graze_edge, nicolae_sub_lair_graze_edge,
          nicolae_sub_lair_graze_edge]

Skill      XL: |  1  2  3  4  5  6  7  8  9 10 11 12 13 |
---------------+----------------------------------------+-----
Dodging        | 3 4 5 6 8 9 12 13 14 16 17 | 17.0
Ranged Weapons | 5 6 7 9 10 12 14 15 | 15.6
Fighting       | 2 3 4 5 6 |  6.0
Invocations    | 4 6 9 10 | 10.0
Armour         | 1 |  1.4
Stealth        | |  1.5

Action                     |  1- 3 |  4- 6 |  7- 9 | 10-12 | 13-15 || total
---------------------------+-------+-------+-------+-------+-------++-------
   Fire: Shortbow          |     7 |       |       |       |       ||     7
         Arbalest          |    56 |    83 |   233 |   577 |   226 ||  1175
 Invoke: Heroism           |       |       |       |     2 |       ||     2
         Finesse           |       |       |       |     9 |       ||     9
         Receive Weapon    |       |       |       |       |     1 ||     1
         Receive Armour    |       |       |       |       |     1 ||     1
  Evoke: Wand              |       |     6 |       |     2 |       ||     8
    Use: Scroll            |     4 |     6 |     6 |     5 |     2 ||    23
         Potion            |     2 |     1 |     4 |     1 |       ||     8
 Armour: Robe              |     2 |     3 |       |       |       ||     5
         Troll leather arm |       |     1 |    22 |    61 |    39 ||   123
  Dodge: Dodged            |    25 |    23 |   124 |   454 |   280 ||   906
  Block: Other             |       |     1 |    29 |    70 |    48 ||   148
         Reflection        |       |       |     1 |       |       ||     1

Table legend:
 A = Non-vault XP
 B = Vault XP
 C = Vault XP percentage of total XP
 D = Non-vault monster count
 E = Vault monster count
 F = Vault count percentage of total count
                 A         B        C        D         E       F
            +---------+---------+-------+---------+---------+-------
      Total |   43290 |    7819 |  15.3 |     280 |      73 |  20.7
            +---------+---------+-------+---------+---------+-------
        D:1 |      19 |       0 |   0.0 |      11 |       0 |   0.0
        D:2 |      55 |       0 |   0.0 |      19 |       0 |   0.0
        D:3 |      63 |      28 |  30.8 |      22 |       6 |  21.4
        D:4 |     564 |     225 |  28.5 |      22 |      16 |  42.1
        D:5 |     743 |     505 |  40.5 |      14 |      13 |  48.1
        D:6 |     384 |     171 |  30.8 |      13 |       1 |   7.1
        D:7 |     728 |     923 |  55.9 |       9 |       7 |  43.8
        D:8 |    1861 |       0 |   0.0 |      28 |       0 |   0.0
        D:9 |    1826 |     665 |  26.7 |      14 |       6 |  30.0
     Lair:1 |    5099 |    2053 |  28.7 |      23 |       5 |  17.9
     Lair:2 |    5426 |     894 |  14.1 |      20 |       1 |   4.8
     Lair:3 |    5337 |    1332 |  20.0 |      25 |       2 |   7.4
     Lair:4 |   12729 |     678 |   5.1 |      38 |       6 |  13.6
     Lair:5 |    8456 |       0 |   0.0 |      22 |       0 |   0.0
      Sewer |       0 |     345 | 100.0 |       0 |      10 | 100.0
            +---------+---------+-------+---------+---------+-------
